| TOP OF THE 1ST |
|
Mississippi Braves batting - Pitching for Colorado (EL) Rockies : RHP Jim Bruley
|
|
Pitching: RHP Jim Bruley
|
|
|
Batting: RHB Tim Nettles
|
0-0: Foul Ball, location: 2F 0-1: Ball 1-1: Ball 2-1: Swinging Strike 2-2: Strikes out swinging
|
|
Batting: LHB Ryan Braden
|
0-0: Called Strike 0-1: SINGLE (Line Drive, 9LS, EV 104.4 MPH)
|
|
Batting: RHB Jack Power
|
0-0: Called Strike 0-1: Ball 1-1: Ball Ryan Braden steals 2nd base 2-1: Swinging Strike 2-2: Ball 3-2: Fly out, F8 (Flyball, 8RS, EV 76.2 MPH)
|
|
Batting: LHB Robby Dann
|
0-0: Ball 1-0: Called Strike 1-1: Foul Ball, location: 2F 1-2: Ball 2-2: Fly out, F6 (Popup, 56, EV 77.5 MPH)
|
| Top of the 1st over - 0 runs, 1 hit, 0 errors, 1 left on base; Mississippi 0 - Colorado (EL) 0 |
| BOTTOM OF THE 1ST |
|
Colorado (EL) Rockies batting - Pitching for Mississippi Braves : RHP Orlando Velazquez
|
|
Pitching: RHP Orlando Velazquez
|
|
|
Batting: LHB Tony Ponce
|
0-0: Ball 1-0: Swinging Strike 1-1: Swinging Strike 1-2: Ground out U3 (Groundball, 3L, EV 83.8 MPH)
|
|
Batting: RHB Matt Fabre
|
0-0: Ball 1-0: Called Strike 1-1: Ball 2-1: DOUBLE (Groundball, 3L, EV 104.4 MPH)
|
|
Batting: SHB Chris Besselman
|
0-0: Called Strike 0-1: Foul Ball, location: 2F 0-2: Foul Ball, location: 2F 0-2: Ball 1-2: Ball 2-2: 2-RUN HOME RUN (Flyball, 9D, EV 90.6 MPH), Distance : 342 ft
|
|
Batting: SHB In-sung Lee
|
0-0: Called Strike 0-1: Swinging Strike 0-2: Strikes out swinging
|
|
Batting: RHB Bobby Bowman
|
0-0: Fly out, F8 (Flyball, 78D, EV 105.0 MPH)
|
| Bottom of the 1st over - 2 runs, 2 hits, 0 errors, 0 left on base; Mississippi 0 - Colorado (EL) 2 |
| TOP OF THE 2ND |
|
Mississippi Braves batting - Pitching for Colorado (EL) Rockies : RHP Jim Bruley
|
|
Batting: LHB Rodolfo Cano
|
0-0: Called Strike 0-1: Foul Ball, location: 2F 0-2: Strikes out swinging
|
|
Batting: LHB Raul Guarjardo
|
0-0: Ground out 1-3 (Groundball, P, EV 75.6 MPH)
|
|
Batting: RHB Zachary Sidney
|
0-0: Foul Ball, location: 2F 0-1: Ball 1-1: Called Strike 1-2: Ball 2-2: Foul Ball, location: 2F 2-2: Strikes out looking
|
| Top of the 2nd over - 0 runs, 0 hits, 0 errors, 0 left on base; Mississippi 0 - Colorado (EL) 2 |
| BOTTOM OF THE 2ND |
|
Colorado (EL) Rockies batting - Pitching for Mississippi Braves : RHP Orlando Velazquez
|
|
Batting: RHB Max Schellekens
|
0-0: Swinging Strike 0-1: Foul Ball, location: 2F 0-2: Ball 1-2: Ball 2-2: Strikes out swinging
|
|
Batting: LHB Elijah Black
|
0-0: Foul Ball, location: 2F 0-1: Ball 1-1: Ball 2-1: Ball 3-1: Base on Balls
|
|
Batting: RHB Matt Wheaton
|
0-0: 2-RUN HOME RUN (Flyball, 7D, EV 96.2 MPH), Distance : 360 ft
|
|
Batting: RHB Guillermo Veronese
|
0-0: Ball 1-0: Ball 2-0: Foul Ball, location: 2F 2-1: Ground out 1-3 (Groundball, 13S, EV 67.5 MPH)
|
|
Batting: LHB Tony Ponce
|
0-0: Ball 1-0: Swinging Strike 1-1: Ball 2-1: Swinging Strike 2-2: Strikes out swinging
|
| Bottom of the 2nd over - 2 runs, 1 hit, 0 errors, 0 left on base; Mississippi 0 - Colorado (EL) 4 |
| TOP OF THE 3RD |
|
Mississippi Braves batting - Pitching for Colorado (EL) Rockies : RHP Jim Bruley
|
|
Batting: RHB Angel Guzman
|
0-0: Ball 1-0: Ball 2-0: Ball 3-0: Called Strike 3-1: Called Strike 3-2: Base on Balls
|
|
Batting: RHB Edwin Cota
|
0-0: Ball 1-0: Swinging Strike 1-1: Called Strike 1-2: Strikes out swinging
|
|
Batting: RHB Tim Nettles
|
0-0: Ball 1-0: Called Strike 1-1: Called Strike 1-2: Foul Ball, location: 2F 1-2: Strikes out swinging
|
|
Batting: LHB Ryan Braden
|
0-0: Ball 1-0: Called Strike 1-1: Ball 2-1: Ball 3-1: Base on Balls Angel Guzman to second
|
|
Batting: RHB Jack Power
|
0-0: Foul Ball, location: 2F 0-1: Called Strike 0-2: Ball 1-2: Ball 2-2: Strikes out swinging
|
| Top of the 3rd over - 0 runs, 0 hits, 0 errors, 2 left on base; Mississippi 0 - Colorado (EL) 4 |
| BOTTOM OF THE 3RD |
|
Colorado (EL) Rockies batting - Pitching for Mississippi Braves : RHP Orlando Velazquez
|
|
Batting: RHB Matt Fabre
|
0-0: Called Strike 0-1: Foul Ball, location: 2F 0-2: Foul Ball, location: 2F 0-2: Foul Ball, location: 2F 0-2: Ball 1-2: Ball 2-2: Ball 3-2: Ground out 6-3 (Groundball, 6, EV 84.4 MPH)
|
|
Batting: SHB Chris Besselman
|
0-0: Called Strike 0-1: Called Strike 0-2: Strikes out swinging
|
|
Batting: SHB In-sung Lee
|
0-0: Called Strike 0-1: Ball 1-1: Swinging Strike 1-2: Strikes out looking
|
| Bottom of the 3rd over - 0 runs, 0 hits, 0 errors, 0 left on base; Mississippi 0 - Colorado (EL) 4 |
| TOP OF THE 4TH |
|
Mississippi Braves batting - Pitching for Colorado (EL) Rockies : RHP Jim Bruley
|
|
Batting: LHB Robby Dann
|
0-0: Called Strike 0-1: Called Strike 0-2: Hit by Pitch
|
|
Batting: LHB Rodolfo Cano
|
0-0: Called Strike 0-1: Ball 1-1: Ball 2-1: Foul Ball, location: 2F 2-2: Foul Ball, location: 2F 2-2: Fielders Choice at 2nd, 3-6 (Groundball, 3, EV 95.0 MPH)
|
|
Batting: LHB Raul Guarjardo
|
0-0: Ball 1-0: Ground out 4-3 (Groundball, 4MS, EV 65.6 MPH) Rodolfo Cano to second
|
|
Batting: RHB Zachary Sidney
|
0-0: Ball 1-0: Foul Ball, location: 2F 1-1: Ground out 4-3 (Groundball, 4S, EV 71.9 MPH)
|
| Top of the 4th over - 0 runs, 0 hits, 0 errors, 1 left on base; Mississippi 0 - Colorado (EL) 4 |
| BOTTOM OF THE 4TH |
|
Colorado (EL) Rockies batting - Pitching for Mississippi Braves : RHP Orlando Velazquez
|
|
Batting: RHB Bobby Bowman
|
0-0: Ball 1-0: Foul Ball, location: 2F 1-1: Foul Ball, location: 2F 1-2: SINGLE (Line Drive, 5D, EV 94.4 MPH)
|
|
Batting: RHB Max Schellekens
|
0-0: Called Strike 0-1: Ball 1-1: Foul Ball, location: 2F 1-2: Strikes out swinging
|
|
Batting: LHB Elijah Black
|
0-0: Called Strike 0-1: Ball 1-1: SINGLE (Line Drive, 6D, EV 108.8 MPH) Bobby Bowman to second
|
|
Batting: RHB Matt Wheaton
|
0-0: Ball 1-0: Ball 2-0: Foul Ball, location: 2F 2-1: Foul Ball, location: 2F 2-2: Ball 3-2: Base on Balls Bobby Bowman to third Elijah Black to second
|
|
Batting: RHB Guillermo Veronese
|
0-0: Ball 1-0: Ball 2-0: Fly out, F6 (Popup, 15, EV 72.5 MPH)
|
|
Batting: LHB Tony Ponce
|
0-0: Ball 1-0: Called Strike 1-1: Swinging Strike 1-2: Strikes out looking
|
| Bottom of the 4th over - 0 runs, 2 hits, 0 errors, 3 left on base; Mississippi 0 - Colorado (EL) 4 |
| TOP OF THE 5TH |
|
Mississippi Braves batting - Pitching for Colorado (EL) Rockies : RHP Jim Bruley
|
|
Batting: RHB Angel Guzman
|
0-0: Called Strike 0-1: Ball 1-1: Ground out 6-3 (Groundball, 6MD, EV 106.2 MPH)
|
|
Batting: RHB Edwin Cota
|
0-0: Foul Ball, location: 2F 0-1: Called Strike 0-2: Ground out 4-3 (Groundball, 4M, EV 85.6 MPH)
|
|
Batting: RHB Tim Nettles
|
0-0: Called Strike 0-1: Ball 1-1: Fly out, F7 (Flyball, 78S, EV 78.8 MPH)
|
| Top of the 5th over - 0 runs, 0 hits, 0 errors, 0 left on base; Mississippi 0 - Colorado (EL) 4 |
| BOTTOM OF THE 5TH |
|
Colorado (EL) Rockies batting - Pitching for Mississippi Braves : RHP Orlando Velazquez
|
|
Batting: RHB Matt Fabre
|
0-0: Ball 1-0: Called Strike 1-1: Fly out, F9 (Flyball, 9S, EV 90.6 MPH)
|
|
Batting: SHB Chris Besselman
|
0-0: Ball 1-0: Ball 2-0: Foul Ball, location: 2F 2-1: Foul Ball, location: 2F 2-2: Strikes out looking
|
|
Batting: SHB In-sung Lee
|
0-0: Foul Ball, location: 2F 0-1: Called Strike 0-2: Ball 1-2: Foul Ball, location: 2F 1-2: Fly out, F4 (Popup, 13S, EV 81.9 MPH)
|
| Bottom of the 5th over - 0 runs, 0 hits, 0 errors, 0 left on base; Mississippi 0 - Colorado (EL) 4 |
| TOP OF THE 6TH |
|
Mississippi Braves batting - Pitching for Colorado (EL) Rockies : RHP Jim Bruley
|
|
Batting: LHB Ryan Braden
|
0-0: Called Strike 0-1: Ball 1-1: Foul Ball, location: 2F 1-2: Ball 2-2: SINGLE (Line Drive, 6MD, EV 95.0 MPH)
|
|
Batting: RHB Jack Power
|
0-0: Ball 1-0: Ball 2-0: Swinging Strike 2-1: SINGLE (Line Drive, 6D, EV 108.1 MPH) Ryan Braden to second
|
|
Batting: LHB Robby Dann
|
0-0: Ball 1-0: SINGLE (Line Drive, 9S, EV 93.1 MPH) Ryan Braden to third Jack Power to second Runner from 3rd tries for Home, SAFE, throw by RF to trailing runner, OUT at third! 9-3-5
|
|
Batting: LHB Rodolfo Cano
|
0-0: Ball Robby Dann steals 2nd base 1-0: Foul Ball, location: 2F 1-1: Ground out 4-3 (Groundball, 4, EV 103.1 MPH) Robby Dann to third
|
|
Batting: LHB Raul Guarjardo
|
0-0: Ground out 4-3 (Groundball, 4, EV 89.4 MPH)
|
| Top of the 6th over - 1 run, 3 hits, 0 errors, 1 left on base; Mississippi 1 - Colorado (EL) 4 |
| BOTTOM OF THE 6TH |
|
Colorado (EL) Rockies batting - Pitching for Mississippi Braves : RHP Orlando Velazquez
|
|
Batting: RHB Bobby Bowman
|
0-0: Ball 1-0: Ground out 5-3 (Groundball, 56D, EV 94.4 MPH)
|
|
Batting: RHB Max Schellekens
|
0-0: Ball 1-0: Foul Ball, location: 2F 1-1: Called Strike 1-2: Strikes out swinging
|
|
Batting: LHB Elijah Black
|
0-0: Ball 1-0: Ground out U3 (Groundball, 3, EV 102.5 MPH)
|
| Bottom of the 6th over - 0 runs, 0 hits, 0 errors, 0 left on base; Mississippi 1 - Colorado (EL) 4 |
| TOP OF THE 7TH |
|
Mississippi Braves batting - Pitching for Colorado (EL) Rockies : RHP Jim Bruley
|
|
Batting: RHB Zachary Sidney
|
0-0: Called Strike 0-1: Fly out, F7 (Flyball, 7D, EV 77.5 MPH)
|
|
Pitching: RHP Ronnie DeVries
|
|
|
Batting: RHB Angel Guzman
|
0-0: Ball 1-0: Called Strike 1-1: Swinging Strike 1-2: Ball 2-2: Strikes out swinging
|
|
Batting: RHB Edwin Cota
|
0-0: Called Strike 0-1: Ball 1-1: Swinging Strike 1-2: Ball 2-2: Ground out 6-3 (Groundball, 6, EV 81.9 MPH)
|
| Top of the 7th over - 0 runs, 0 hits, 0 errors, 0 left on base; Mississippi 1 - Colorado (EL) 4 |
| BOTTOM OF THE 7TH |
|
Colorado (EL) Rockies batting - Pitching for Mississippi Braves : RHP Orlando Velazquez
|
|
Batting: RHB Matt Wheaton
|
0-0: Ball 1-0: Foul Ball, location: 2F 1-1: Swinging Strike 1-2: Strikes out swinging
|
|
Pitching: RHP Jonathan Jacquez
|
|
|
Batting: RHB Guillermo Veronese
|
0-0: Called Strike 0-1: Foul Ball, location: 2F 0-2: Strikes out swinging
|
|
Batting: LHB Tony Ponce
|
0-0: Ball 1-0: Swinging Strike 1-1: Ground out 4-3 (Groundball, 4, EV 86.9 MPH)
|
| Bottom of the 7th over - 0 runs, 0 hits, 0 errors, 0 left on base; Mississippi 1 - Colorado (EL) 4 |
| TOP OF THE 8TH |
|
Mississippi Braves batting - Pitching for Colorado (EL) Rockies : RHP Ronnie DeVries
|
|
Batting: RHB Tim Nettles
|
0-0: Ball 1-0: Ball 2-0: Called Strike 2-1: Swinging Strike 2-2: Fly out, F9 (Flyball, 9S, EV 96.2 MPH)
|
|
Batting: LHB Ryan Braden
|
0-0: Swinging Strike 0-1: Fly out, F9 (Flyball, 89D, EV 98.1 MPH)
|
|
Batting: RHB Jack Power
|
0-0: Called Strike 0-1: Ball 1-1: Swinging Strike 1-2: Strikes out swinging
|
| Top of the 8th over - 0 runs, 0 hits, 0 errors, 0 left on base; Mississippi 1 - Colorado (EL) 4 |
| BOTTOM OF THE 8TH |
|
Colorado (EL) Rockies batting - Pitching for Mississippi Braves : RHP Jonathan Jacquez
|
|
Batting: RHB Matt Fabre
|
0-0: Foul Ball, location: 2F 0-1: Ball 1-1: Ground out U3 (Groundball, 13, EV 90.6 MPH)
|
|
Batting: SHB Chris Besselman
|
0-0: Foul Ball, location: 2F 0-1: Ball 1-1: Ground out 4-3 (Groundball, 4, EV 84.4 MPH)
|
|
Batting: SHB In-sung Lee
|
0-0: Ball 1-0: Ball 2-0: Called Strike 2-1: Ball 3-1: Base on Balls
|
|
Batting: RHB Bobby Bowman
|
0-0: Ball In-sung Lee steals 2nd base 1-0: Intentional Walk
|
|
Batting: RHB Max Schellekens
|
0-0: Ball 1-0: Called Strike 1-1: Called Strike 1-2: Foul Ball, location: 2F 1-2: Strikes out swinging
|
| Bottom of the 8th over - 0 runs, 0 hits, 0 errors, 2 left on base; Mississippi 1 - Colorado (EL) 4 |
| TOP OF THE 9TH |
|
Mississippi Braves batting - Pitching for Colorado (EL) Rockies : RHP Ronnie DeVries
|
|
Pitching: RHP Terry Huffmaster
|
|
|
Batting: LHB Robby Dann
|
0-0: Ball 1-0: Reached on error, E4 (Groundball, 4, EV 84.4 MPH)
|
|
Batting: LHB Rodolfo Cano
|
0-0: Ball 1-0: Ball 2-0: Fielders Choice at 2nd, 4-6 (Groundball, 4S, EV 88.8 MPH)
|
|
Batting: LHB Raul Guarjardo
|
0-0: Called Strike 0-1: Foul Ball, location: 2F 0-2: Strikes out swinging
|
|
Batting: RHB Zachary Sidney
|
0-0: Called Strike 0-1: Swinging Strike 0-2: Ball 1-2: Strikes out looking
|
| Top of the 9th over - 0 runs, 0 hits, 1 error, 1 left on base; Mississippi 1 - Colorado (EL) 4 |
|